 Dungeon Crawl Stone Soup version 0.29.1-14-g9c671dbff4 (webtiles) character file.

Game seed: 12702135612657601170

483 protoss039 the Digger (level 6, -4/48 HPs)
             Began as a Demonspawn Earth Elementalist on Feb 18, 2023.
             Constricted to death by Pikel (7 damage)
             ... on level 5 of the Dungeon.
             The game lasted 00:05:51 (5432 turns).

protoss039 the Digger (DsEE)                        Turns: 5432, Time: 00:05:52

Health: -4/48      AC:  2    Str:  9    XL:     6   Next: 88%
Magic:  8/12       EV:  9    Int: 18    God:
Gold:   127        SH:  0    Dex: 13    Spells: 7/13 levels left

rFire   . . .      SeeInvis .   i - +1 dagger (venom)
rCold   . . .      Faith    .   (no shield)
rNeg    . . .      Spirit   .   a - +0 robe
rPois   .          Reflect  .   (no helmet)
rElec   .          Harm     .   (no cloak)
rCorr   .          Rampage  .   (no gloves)
Will    +....                   (no boots)
Stlth   ++........              (no amulet)
HPRegen 0.16/turn               n - +4 ring of slaying
MPRegen 0.13/turn               s - ring of willpower

@: grasped by roots, constricted
A: demonic magic 1, demonic touch 1
a: no special abilities


You were on level 5 of the Dungeon.
You visited 1 branch of the dungeon, and saw 5 of its levels.
You also visited: Sewer.

You collected 248 gold pieces.
You spent 121 gold pieces at shops.

Inventory:

Hand Weapons
 i - a +1 dagger of venom (weapon)
 D - a +0 mace of draining
Missiles
 w - 7 poisoned darts (quivered)
 y - a curare-tipped dart
 z - a throwing net
Armour
 a - a +0 robe (worn)
Magical Staves
 u - a staff of air
Jewellery
 n - a +4 ring of slaying (left hand)
 s - a ring of willpower (right hand)
Scrolls
 d - 3 scrolls of teleportation
 e - a scroll of vulnerability {unknown}
 f - 3 scrolls of enchant armour {unknown}
 g - 2 scrolls of identify {unknown}
 m - a scroll of noise {unknown}
 q - 3 scrolls of magic mapping {unknown}
 r - a scroll of brand weapon {unknown}
 A - a scroll of poison
 B - 2 scrolls of amnesia
 C - a scroll of fear {unknown}
Potions
 b - a potion of magic
 c - 4 potions of haste
 h - 2 potions of attraction {unknown}
 j - 4 potions of heal wounds
 k - 2 potions of cancellation {unknown}
 l - a potion of curing {unknown}
 o - a potion of invisibility {unknown}
 p - a potion of brilliance {unknown}
 t - a potion of ambrosia {unknown}
 v - a potion of degeneration {unknown}
 x - 2 potions of flight


   Skills:
 + Level 3.7 Fighting
 - Level 1.7 Dodging
 - Level 1.7 Stealth
 + Level 4.0 Spellcasting
 + Level 1.7 Conjurations
 - Level 0.8 Transmutations
 + Level 4.5 Earth Magic


You had 7 spell levels left.
You knew the following spells:

 Your Spells              Type           Power      Damage    Failure   Level
a - Sandblast             Erth           38%        2d10      2%          1
b - Passwall              Tmut/Erth      10%        N/A       8%          2
c - Stone Arrow           Conj/Erth      28%        3d8       12%         3

Your spell library contained the following spells:

 Spells                   Type           Power      Damage    Failure   Level
 Blink                    Tloc           6%         N/A       22%         2
 Lesser Beckoning         Tloc           3%         N/A       41%         3
 Portal Projectile        Hex/Tloc       6%         N/A       41%         3
 Tukima's Dance           Hex            3%         N/A       41%         3
 Petrify                  Tmut/Erth      13%        N/A       43%         4
 Blade Hands              Tmut           3%         N/A       96%         5
 Manifold Assault         Tloc           3%         N/A       99%         5


Dungeon Overview and Level Annotations

Branches:
Dungeon (5/15) Zot: 25029   Sewer (visited)
 Temple: D:4-7

Altars:

Shops:
D:4 **

Annotations:
D:5 1 runed translucent door, Pikel; enotiy's ghost, amateur GrFi


Innate Abilities, Weirdness & Mutations

Spells you cast may paralyse adjacent enemies.
Your touch may inflict minor irresistible damage on your foes.


Message History

The blast of sand hits the ogre!
The ogre is moderately wounded.
Malevolent energies surge around you.
The lemure shouts! x2
Casting: Sandblast (safe; 2% risk of failure)
Confirm with . or Enter, or press ? or * to list all spells.
Aiming: Sandblast (safe; 2% risk of failure)
Press: ? - help, Shift-Dir - straight line, f/p - ogre
Aim: an ogre, wielding a +0 giant club (moderately wounded, 91% to hit)
The blast of sand hits the ogre!
The ogre is severely wounded.
Malevolent energies surge around you.
The ogre hits you with a +0 giant club!!
The lemure hits you!
* * * LOW HITPOINT WARNING * * *
Unknown command.
Casting: Sandblast (safe; 2% risk of failure)
Confirm with . or Enter, or press ? or * to list all spells.
Aiming: Sandblast (safe; 2% risk of failure)
Press: ? - help, Shift-Dir - straight line, f/p - ogre
Aim: an ogre, wielding a +0 giant club (severely wounded, 91% to hit)
The blast of sand hits the ogre!
The ogre is almost dead.
Malevolent energies surge around you.
The ogre suddenly stops moving!
The lemure suddenly stops moving!
Pikel zaps a wand.
The roots erupt in riotous growth!
The lemure is unaffected.
Pikel is unaffected.
The ogre is unaffected.
The lemure is unaffected.
The grasping roots grab you! The grasping roots constrict you.
* * * LOW HITPOINT WARNING * * *
You hear an angry hiss.
Unknown command.
The helpless ogre fails to defend itself.
You puncture the ogre!
You kill the ogre!
The lemure is no longer paralysed.
The bullfrog barely misses you. The lemure hits you!
* * * LOW HITPOINT WARNING * * *
The grasping roots constrict you!
You die...

..........#
..........###
............
...........
....5.....#
......K...# #.555F.#
#@# . #.# ... #.#
.#.
....###.########....
........#........#
.......<....#+#.##
............#S#.#
#...........#W#.#
#...........#~#...


You could see Pikel, 4 lemures and a bullfrog.

Vanquished Creatures
  An ogre (D:5)
  A kobold brigand (Sewer)
  A vampire bat (D:3)
  A hound (D:5)
  An orc priest (D:3)
  An orc wizard (D:4)
  3 gnolls (D:4)
  6 adders
  A river rat (Sewer)
  A worm (D:4)
  5 dart slugs
  3 fire bats (D:3)
  9 orcs
  2 spectral bats (D:3)
  5 ball pythons
  3 bat skeletons (D:3)
  A bat zombie (D:3)
  5 endoplasms
  A giant cockroach (D:1)
  8 goblins
  3 hobgoblins
  10 jackals
  3 quokkas
  12 bats
  A bat simulacrum (D:3)
  5 frilled lizards
  16 kobolds
  8 rats
117 creatures vanquished.

Notes
Turn   | Place    | Note
-------+----------+-------------------------------------------
     0 | D:1      | protoss039 the Demonspawn Earth Elementalist began the
                  | quest for the Orb.
     0 | D:1      | Reached XP level 1. HP: 13/13 MP: 3/3
   261 | D:1      | Gained mutation: Your touch may inflict minor irresistible
                  | damage on your foes. [demonic ancestry]
   261 | D:1      | Reached XP level 2. HP: 18/20 MP: 0/5
   424 | D:1      | Reached skill level 1 in Fighting
  1289 | D:1      | Reached XP level 3. HP: 26/26 MP: 6/6
  1359 | D:1      | Learned a level 2 spell: Passwall
  2175 | D:2      | Reached XP level 4. HP: 33/33 MP: 5/8
  2225 | D:2      | Found a faded altar of an unknown god.
  2451 | D:3      | Reached XP level 5. HP: 36/39 MP: 9/9
  3616 | D:3      | Learned a level 3 spell: Stone Arrow
  3663 | D:4      | Gained mutation: Spells you cast may paralyse adjacent
                  | enemies. [demonic ancestry]
  3663 | D:4      | Reached XP level 6. HP: 29/47 MP: 7/11
  3927 | D:4      | Found a glowing drain.
  3949 | Sewer    | Entered a sewer
  4082 | Sewer    | Reached skill level 1 in Conjurations
  4802 | D:4      | Found Kese Uhaozu's Specific Store.
  4804 | D:4      | Found Jankinez's General Store.
  4837 | D:4      | Bought a scroll of teleportation for 33 gold pieces
  4837 | D:4      | Bought a scroll of poison for 44 gold pieces
  4837 | D:4      | Bought a scroll of amnesia for 44 gold pieces
  5410 | D:5      | Entered Level 5 of the Dungeon
  5410 | D:5      | Found a runed translucent door.
  5419 | D:5      | Noticed enotiy's ghost (amateur GrFi)
  5428 | D:5      | Noticed Pikel
  5432 | D:5      | Constricted to death by Pikel

Illustrated notes

Levels and vault maps discovered:
D:1:      psy_arrival_statuary, layout_loops_corners, corexii_corridor_pit
D:2:      layout_basic, basic_ecumenical_altar, kennysheep_doodads
D:3:      layout_loops_corners, kennysheep_small_spiral, goddamned_bats
D:4:      layout_basic, portal_sewer_entry_d, nicolae_specific_store
D:5:      layout_rooms, ebering_ghost_sewer_d, nicolae_ossuary_entry_catacombs,
          lemuel_flamethrower_2, uniq_pikel

Skill      XL: |  1  2  3  4  5  6 |
---------------+-------------------+-----
Fighting       | 1 2 3 |  3.7
Earth Magic    | 3 4 |  4.5
Spellcasting   | 3 4 |  4.0
Conjurations   | 1 |  1.7
Dodging        | |  1.7
Stealth        | |  1.7
Transmutations | |  0.8

Action                   |  1- 3 |  4- 6 || total
-------------------------+-------+-------++-------
Melee: Dagger            |    49 |   100 ||   149
       Spear             |    21 |       ||    21
       Touch             |    17 |    20 ||    37
       Punch             |     2 |       ||     2
Throw: Dart              |       |     6 ||     6
 Cast: Sandblast         |    25 |    36 ||    61
 Stab: Sleeping          |     4 |     4 ||     8
       Paralysed         |       |     4 ||     4
Armor: Robe              |    12 |    36 ||    48
Dodge: Dodged            |    55 |   134 ||   189
